Map: Persephone LE

Players

LiquidElazer (Elazer)

  • Race: Zerg Zerg
  • Spawn Location: 7:00

Geralt (Gerald) - Winner!

  • Race: Protoss Protoss
  • League: Grandmaster
  • Spawn Location: 11:00

Event: HomeStory Cup XXVII

VOD

Have the link to the VOD?

Description

Time

  • Played on: June 28, 2025, 9:21 a.m.
  • Length: 8:13

All games in this series

Show
View Real Time Build Order
Export as new Build Order

LiquidElazer Zerg 

Build Orders: Hatch First 

Get SALT Encoding   

  12  0:00  Drone  
  13  0:08  Drone  
  13  0:14  Extractor  
  13  0:15  Drone  
  15  0:22  Overlord  
  15  0:41  Drone  
  16  0:45  Hatchery  
  16  0:48  Drone  
  16  0:52  Drone  
  16  0:56  Drone  
  18  1:06  Extractor  
  18  1:11  Spawning Pool  
  16  1:14  Drone  
  16  1:17  Drone  
  18  1:26  Drone  
  19  1:37  Drone  
  20  1:47  Drone  
  21  1:57  Queen x2  
  21  2:00  Zergling x2, Overlord  
  26  2:08  Drone  
  26  2:10  Drone  
  26  2:11  Metabolic Boost  
  28  2:20  Drone x2  
  30  2:29  Drone  
  31  2:30  Drone  
  31  2:33  Queen  
  34  2:43  Hatchery  
  33  2:46  Overlord  
  33  2:50  Drone  
  34  2:53  Overlord  
  34  2:58  Drone  
  35  3:02  Drone  
  35  3:10  Drone x7  
  42  3:20  Overlord  
  42  3:27  Drone, Spore Crawler  
  42  3:28  Spore Crawler  
  42  3:33  Drone x2  
  43  3:35  Spore Crawler  
  42  3:42  Zergling x4  
  42  3:43  Zergling x6  
  42  3:45  Drone x3  
  50  3:53  Overlord  
  50  3:56  Drone  
  50  3:57  Drone  
  52  4:04  Lair  
  52  4:06  Drone x3  
  55  4:12  Drone x3  
  58  4:17  Drone x4  
  58  4:18  Spore Crawler  
  58  4:22  Drone  
  63  4:26  Roach Warren  
  63  4:28  Overlord, Extractor  
  63  4:29  Extractor  
  63  4:31  Overlord  
  60  4:37  Drone  
  61  4:39  Extractor  
  61  4:42  Drone x2  
  61  4:43  Drone, Overlord  
  61  4:44  Queen  
  63  4:46  Drone x3  
  63  4:52  Overlord  
  65  4:53  Drone x6  
  65  4:57  Overlord  
  65  4:59  Extractor x2  
  69  5:06  Roach x2  
  73  5:07  Glial Reconstitution  
  73  5:10  Overlord  
  75  5:14  Roach x4  
  80  5:22  Overlord  
  80  5:23  Roach  
  80  5:26  Overlord  
  81  5:30  Roach x5  
  91  5:37  Evolution Chamber  
  90  5:44  Evolution Chamber, Roach x3  
  90  5:46  Roach x3  
  103  5:50  Roach  
  103  5:55  Roach x2  
  103  5:56  Overlord  
  107  5:58  Roach x2  
  107  5:59  Evolution Chamber  
  107  6:02  Roach x3  
  107  6:03  Zerg Missile Weapons Level 1  
  117  6:06  Overlord  
  117  6:08  Pneumatized Carapace  
  117  6:13  Roach x2  
  117  6:15  Overlord  
  117  6:17  Roach  
  123  6:19  Roach  
  123  6:20  Evolution Chamber  
  124  6:27  Roach  
  124  6:28  Roach x3  
  124  6:29  Overlord  
  133  6:35  Ravager x2  
  133  6:36  Ravager x2  
  133  6:39  Ravager  
  139  6:40  Zergling x14  
  144  6:51  Ravager x3  
  144  6:52  Zergling x12  
  153  7:02  Overlord  
  153  7:03  Overlord  
  149  7:29  Zergling x4  
  134  7:30  Zergling x14  
  134  7:32  Ravager  
  134  7:33  Ravager x7  
  125  7:40  Roach  
  111  7:49  Overlord  
Show
View Real Time Build Order
Export as new Build Order

Geralt Protoss - Winner!

Build Orders: 1 Gate Expand, Oracle Opening 

Get SALT Encoding   

  12  0:00  Probe  
  13  0:12  Probe  
  14  0:17  Pylon  
  14  0:24  Probe  
  15  0:32  Probe  
  15  0:38  Gateway  
  15  0:40  Probe  
  16  0:46  Assimilator  
  17  0:51  Probe  
  18  1:03  Probe  
  19  1:15  Probe  
  20  1:22  Nexus  
  20  1:27  Probe  
  21  1:35  Cybernetics Core  
  21  1:40  Probe  
  21  1:42  Assimilator  
  22  1:48  Pylon  
  22  1:52  Probe  
  23  1:59  Stalker  
  23  2:06  Probe  
  26  2:18  Stargate, Probe  
  27  2:27  Warp Gate  
  27  2:30  Probe  
  27  2:34  Probe  
  29  2:43  Probe, Adept  
  32  2:46  Probe  
  33  2:52  Oracle  
  33  2:55  Probe  
  35  2:58  Probe  
  38  3:07  Probe  
  38  3:10  Probe  
  40  3:19  Probe  
  41  3:22  Probe  
  42  3:29  Nexus  
  42  3:31  Pylon, Probe  
  43  3:40  Oracle  
  46  3:46  Twilight Council  
  46  3:49  Probe x2  
  46  3:50  Pylon  
  48  3:59  Gateway  
  48  4:00  Resonating Glaives  
  48  4:01  Probe x2  
  48  4:02  Gateway  
  50  4:05  Gateway  
  50  4:08  Assimilator  
  50  4:13  Probe x2  
  52  4:25  Probe x2, Adept  
  56  4:37  Probe x2  
  58  4:40  Pylon  
  58  4:43  Shield Battery  
  58  4:44  Probe  
  58  4:47  Adept  
  58  4:49  Probe x2  
  62  4:55  Adept  
  62  4:56  Probe  
  62  4:58  Shield Battery  
  65  5:00  Adept x2  
  65  5:01  Pylon, Probe x2  
  65  5:04  Forge  
  71  5:08  Probe  
  71  5:12  Adept  
  71  5:14  Probe x2  
  76  5:20  Probe  
  77  5:21  Adept x3  
  77  5:26  Probe  
  83  5:32  Protoss Ground Weapons Level 1, Probe  
  83  5:34  Gateway  
  84  5:36  Gateway, Blink  
  84  5:39  Gateway, Probe  
  85  5:53  Pylon  
  85  5:55  Pylon  
  85  6:03  Pylon  
  85  6:05  Pylon  
  85  6:10  Gateway  
  85  6:11  Probe x3  
  85  6:12  Gateway  
  85  6:16  Stalker x4  
  96  6:19  Shield Battery  
  96  6:24  Probe x2  
  102  6:26  Assimilator  
  102  6:31  Void Ray, Stalker x2  
  106  6:33  Probe  
  106  6:36  Probe  
  106  6:37  Pylon  
  106  6:38  Assimilator  
  108  6:47  Stalker x3  
  108  6:48  Stalker  
  108  6:52  Probe  
  117  6:55  Pylon  
  117  6:56  Pylon  
  117  6:57  Pylon  
  117  6:59  Photon Cannon  
  117  7:02  Stalker x2  
  117  7:08  Shield Battery  
  121  7:09  Assimilator  
  121  7:11  Stalker x2  
  125  7:19  Stalker x3  
  129  7:29  Probe  
  118  7:31  Stalker x2  
  118  7:32  Probe x2  
  116  7:42  Stalker x2  
  113  7:46  Probe  
  113  7:49  Stalker  
  113  7:50  Probe  
  108  7:51  Probe  
  108  7:54  Stalker, Zealot  
  108  7:55  Zealot x3  
  108  7:58  Probe  
Tags
 
Add a new tag
Caveats
  • Supply blocks, unpowered buildings, or Contaminate may cause inaccurate times.
  • Supply counts are checked every 10 seconds.